 Dungeon Crawl Stone Soup version 0.29.0-4-gdea44cf6ec (webtiles) character file.

Game seed: 7150252883530029335

1423 qw the Cleaver (level 8, -9/48 (62) HPs)
             Began as a Demonspawn Cinder Acolyte on Sept 9, 2022.
             Was a Believer of Ignis.
             Mangled by a wight
             ... wielding a +3 morningstar
              (11 damage)
             ... on level 6 of the Dungeon.
             The game lasted 00:01:54 (6250 turns).

qw the Cleaver (Demonspawn Cinder Acolyte)          Turns: 6250, Time: 00:01:54

HP:   -9/48 (62)    AC: 23    Str: 15    XL:     8   Next: 44%
MP:   9/9           EV:  4    Int: 15    God:    Ignis [**....]
Gold: 302           SH:  0    Dex:  9    Spells: 9/9 levels left

rFire   + + .      SeeInvis .   d - +1 war axe
rCold   . . .      Faith    .   (no shield)
rNeg    . . .      Spirit   .   c - +0 plate armour
rPois   .          Reflect  .   e - +0 helmet
rElec   .          Harm     .   (no cloak)
rCorr   .          Rampage  .   (no gloves)
Will    .....                   (no boots)
Stlth   ..........              (no amulet)
HPRegen 0.16/turn               (no ring)
MPRegen 0.11/turn               (no ring)

@: about to teleport, fiery-armoured, heavily drained
A: hooves 1, molten scales 3, demonic guardian 1, weak 1, subdued magic 1
a: Renounce Religion, Fiery Armour, Foxfire Swarm, Rising Flame


You were on level 6 of the Dungeon.
You worshipped Ignis.
Ignis was pleased with you.
You visited 1 branch of the dungeon, and saw 6 of its levels.

You collected 302 gold pieces.


Innate Abilities, Weirdness & Mutations

You have large cloven feet.
You are completely covered in molten scales. (AC +4, rF+)
A weak demonic guardian rushes to your aid.
You are weak. (Str -2)
Your spells are a little easier to cast, but a little less powerful.


   Skills:
 - Level 5.0 Fighting
 + Level 8.3 Axes
 - Level 3.3 Armour
 - Level 1.4 Dodging
 - Level 1.0 Spellcasting
 - Level 2.6 Fire Magic


You had 9 spell levels left.
You didn't know any spells.
Your spell library contained the following spells:

 Spells                   Type           Power      Damage    Failure   Level
 Scorch                   Fire           12%        2d6       100%        2

Inventory:

Hand Weapons
 d - a +1 war axe (weapon)
 Y - a +1 hand axe of flaming
Armour
 c - a +0 plate armour (worn)
 e - a +0 helmet (worn)
Scrolls
 a - a scroll of identify
 f - 3 scrolls of teleportation
Potions
 b - 2 potions of might
 i - a potion of mutation
 j - 2 potions of curing
 k - a potion of resistance {unknown}

Dungeon Overview and Level Annotations

Branches:
Dungeon (6/15)
 Temple: D:4-7

Altars:
Fedhas
Makhleb
Nemelex Xobeh
Uskayaw


Message History

The wight barely misses you. The wight hits you but does no damage.
The wight is burned by your cloak of flames.
You destroy the wight!
You barely miss the wight.
The wight is lightly damaged.
The wight hits you with a +3 morningstar.
You feel drained.
The wight is burned by your cloak of flames.
The wight is moderately damaged.
You closely miss the wight. Your kick misses the wight.
You punch the wight, but do no damage.
The wight is moderately damaged.
The wight hits you but does no damage.
You hit the wight but do no damage. You kick the wight, but do no damage.
The wight is moderately damaged.
The wight hits you with a +3 morningstar.
The wight is burned by your cloak of flames.
The wight is heavily damaged.
You closely miss the wight.
The wight is heavily damaged.
The wight hits you with a +3 morningstar!
A demonic guardian appears!
You feel drained.
The wight is burned by your cloak of flames.
The wight is heavily damaged.
6248 ||| READING 4 scrolls of teleportation.
As you read the scroll of teleportation, it crumbles to dust.
You feel strangely unstable.
The wight hits you with a +3 morningstar.
You feel drained.
The wight is burned by your cloak of flames.
The wight is severely damaged.
You barely miss the wight.
The wight is severely damaged.
The wight hits you but does no damage.
The wight is burned by your cloak of flames.
The wight is almost destroyed.
You closely miss the wight.
The wight is almost destroyed.
The wight hits you with a +3 morningstar!
You die...

#.....#
#.....#####
#..........
#..........
+..........
######..........
.........)......
........@z.#
.......<5..#
...........#
...........#
...........#
#..........#
#........>.#
#..........#
#.....######


You could see a wight (ally target) and a friendly shadow imp (summoned).

Vanquished Creatures
  Grinder (D:3)
  A water moccasin (D:5)
  An ice beast (D:5)
  A black bear (D:5)
  A centaur (D:5)
  2 phantoms
  A necrophage (D:5)
  3 wights
  A hound (D:5)
  A jelly (D:5)
  2 orc priests (D:3)
  Ijyb (D:3)
  An orc wizard (D:3)
  2 iguanas
  Natasha (thrice) (D:2)
  8 adders
  A shadow imp (D:5)
  A white imp (D:5)
  3 ufetubi (D:5)
  3 worms
  6 dart slugs
  11 orcs
  3 bats
  3 endoplasms
  2 giant cockroaches
  6 hobgoblins
  5 jackals
  9 kobolds
  7 quokkas
  6 ball pythons
  3 frilled lizards
  10 goblins
  4 rats
113 creatures vanquished.

Notes
Turn   | Place    | Note
-------+----------+-------------------------------------------
     0 | D:1      | qw the Demonspawn Cinder Acolyte began the quest for the
                  | Orb.
     0 | D:1      | Reached XP level 1. HP: 18/18 MP: 2/2
     0 | D:1      | 0 ||| qw: Version: 0.1-a-113-g051387a
     0 | D:1      | 0 ||| qw: Game counter: 7129
     0 | D:1      | 0 ||| qw: Always use a shield: true
     0 | D:1      | 0 ||| qw: God list: Okawaru
     0 | D:1      | 0 ||| qw: Allow faded altars: false
     0 | D:1      | 0 ||| qw: Do Orc after D:15 true
     0 | D:1      | 0 ||| qw: Do second Lair branch before Depths: true
     0 | D:1      | 0 ||| qw: Lair rune preference: random
     0 | D:1      | 0 ||| qw: Plans: Normal
     0 | D:1      | 0 ||| PLANNING D:1-11
   131 | D:1      | 131 ||| INVOKING Fiery Armour.
   131 | D:1      | HP: 4/18 [quokka (4)]
   132 | D:1      | Reached skill level 3 in Axes
   464 | D:1      | Gained mutation: You have large cloven feet. [demonic
                  | ancestry]
   464 | D:1      | Reached XP level 2. HP: 16/24 MP: 3/3
   853 | D:1      | 853 ||| Stepping ~*~*~tactically~*~*~ (stealth).
   854 | D:1      | 854 ||| Stepping ~*~*~tactically~*~*~ (stealth).
  1035 | D:1      | Gained mutation: You are partially covered in molten
                  | scales. (AC +2) [demonic ancestry]
  1035 | D:1      | Reached XP level 3. HP: 29/29 MP: 4/4
  1262 | D:1      | Reached skill level 4 in Axes
  1388 | D:1      | 1388 ||| Stepping ~*~*~tactically~*~*~ (hiding).
  1608 | D:1      | 1608 ||| UPGRADING to +0 ring mail.
  1618 | D:1      | 1618 ||| DROPPING +0 robe.
  1619 | D:1      | 1619 ||| DROPPING scarf of harm.
  1620 | D:1      | 1620 ||| READING 2 scrolls labelled NIODEM ZOOPS.
  1621 | D:1      | 1621 ||| READING scroll labelled FEQATWIDUMN.
  1622 | D:1      | 1622 ||| READING scroll labelled FOTZOE VECUCEQ.
  1644 | D:2      | 1644 ||| Stepping ~*~*~tactically~*~*~ (hiding).
  1645 | D:2      | 1645 ||| STAIRDANCE
  1649 | D:1      | 1649 ||| INVOKING Fiery Armour.
  1650 | D:1      | HP: 4/29 [iguana (7)]
  1651 | D:1      | Gained mutation: You are mostly covered in molten scales.
                  | (AC +3) [demonic ancestry]
  1651 | D:1      | Reached XP level 4. HP: 5/35 MP: 5/5
  1918 | D:2      | 1918 ||| STAIRDANCE
  1927 | D:2      | 1927 ||| STAIRDANCE
  1933 | D:2      | 1933 ||| STAIRDANCE
  2569 | D:2      | Noticed Natasha
  2579 | D:2      | Killed Natasha
  2580 | D:2      | Reached skill level 5 in Axes
  2771 | D:2      | Noticed Natasha
  2772 | D:2      | 2772 ||| Stepping ~*~*~tactically~*~*~ (hiding).
  2786 | D:2      | Killed Natasha
  2787 | D:2      | Reached skill level 1 in Dodging
  2787 | D:2      | Gained mutation: You are completely covered in molten
                  | scales. (AC +4, rF+) [demonic ancestry]
  2787 | D:2      | Reached XP level 5. HP: 26/41 MP: 6/6
  2851 | D:2      | Noticed Natasha
  2852 | D:2      | 2852 ||| Stepping ~*~*~tactically~*~*~ (stealth).
  2859 | D:2      | Killed Natasha
  3078 | D:2      | 3078 ||| UPGRADING to +0 chain mail.
  3088 | D:2      | 3088 ||| DROPPING +0 ring mail.
  3089 | D:2      | 3089 ||| READING scroll labelled FILEUMMEAR.
  3090 | D:2      | 3090 ||| DRINKING 2 purple potions.
  3091 | D:2      | 3091 ||| DRINKING 2 metallic red potions.
  3092 | D:2      | 3092 ||| DRINKING 2 amethyst potions.
  3093 | D:2      | 3093 ||| DRINKING 2 fuming red potions.
  3094 | D:2      | 3094 ||| READING 2 scrolls of identify.
  3094 | D:2      | 3094 ||| IDENTIFYING fuming inky potion
  3095 | D:2      | 3095 ||| DROPPING potion of magic.
  3096 | D:2      | 3096 ||| DROPPING potion of flight.
  3161 | D:3      | Noticed Grinder
  3173 | D:3      | Killed Grinder
  3174 | D:3      | Reached skill level 3 in Armour
  3174 | D:3      | Reached XP level 6. HP: 25/47 MP: 7/7
  3405 | D:3      | Found a blossoming altar of Fedhas.
  3513 | D:3      | Noticed Ijyb
  3514 | D:3      | 3514 ||| Stepping ~*~*~tactically~*~*~ (stealth).
  3515 | D:3      | 3515 ||| Stepping ~*~*~tactically~*~*~ (stealth).
  3520 | D:3      | 3520 ||| Stepping ~*~*~tactically~*~*~ (hiding).
  3521 | D:3      | 3521 ||| Stepping ~*~*~tactically~*~*~ (hiding).
  3522 | D:3      | 3522 ||| Stepping ~*~*~tactically~*~*~ (stealth).
  3527 | D:3      | 3527 ||| INVOKING Fiery Armour.
  3530 | D:3      | HP: 9/47 [Ijyb/+0 club (5)]
  3530 | D:3      | Killed Ijyb
  3531 | D:3      | 3531 ||| Stepping ~*~*~tactically~*~*~ (stealth).
  3537 | D:3      | 3537 ||| READING 3 scrolls of teleportation.
  3538 | D:3      | 3538 ||| DRINKING potion of heal wounds.
  3704 | D:3      | 3704 ||| Stepping ~*~*~tactically~*~*~ (stealth).
  3718 | D:3      | 3718 ||| Stepping ~*~*~tactically~*~*~ (stealth).
  3720 | D:3      | 3720 ||| Stepping ~*~*~tactically~*~*~ (stealth).
  3730 | D:3      | 3730 ||| Stepping ~*~*~tactically~*~*~ (hiding).
  3917 | D:3      | 3917 ||| Stepping ~*~*~tactically~*~*~ (stealth).
  3927 | D:3      | 3927 ||| INVOKING Fiery Armour.
  4133 | D:3      | Found a sparkling altar of Nemelex Xobeh.
  4206 | D:3      | 4206 ||| Stepping ~*~*~tactically~*~*~ (hiding).
  4214 | D:3      | Reached skill level 6 in Axes
  4214 | D:3      | Reached XP level 7. HP: 52/52 MP: 8/8
  4432 | D:3      | 4432 ||| READING scroll labelled PESOULLAEST.
  4433 | D:3      | 4433 ||| READING 2 scrolls of identify.
  4433 | D:3      | 4433 ||| IDENTIFYING black potion
  4434 | D:3      | 4434 ||| DROPPING potion of brilliance.
  4586 | D:4      | 4586 ||| READING scroll of enchant weapon.
  4586 | D:4      | 4586 ||| ENCHANTING +0 hand axe of flaming.
  5056 | D:4      | 5056 ||| UPGRADING to +0 plate armour.
  5066 | D:4      | 5066 ||| UPGRADING to +0 helmet.
  5071 | D:4      | 5071 ||| DROPPING +0 chain mail.
  5072 | D:4      | 5072 ||| DRINKING 2 inky potions.
  5072 | D:4      | Gained mutation: You are weak. (Str -2) [potion of
                  | mutation]
  5072 | D:4      | Gained mutation: Your spells are a little easier to cast,
                  | but a little less powerful. [potion of mutation]
  5073 | D:4      | 5073 ||| READING 2 scrolls of identify.
  5073 | D:4      | 5073 ||| IDENTIFYING green potion
  5074 | D:4      | 5074 ||| DROPPING potion of lignification.
  5104 | D:5      | Entered Level 5 of the Dungeon
  5142 | D:5      | Found a burning altar of Makhleb.
  5142 | D:5      | Found a hide-covered altar of Uskayaw.
  5148 | D:5      | 5148 ||| Stepping ~*~*~tactically~*~*~ (stealth).
  5150 | D:5      | 5150 ||| Stepping ~*~*~tactically~*~*~ (stealth).
  5277 | D:5      | 5277 ||| INVOKING Fiery Armour.
  5284 | D:5      | Reached skill level 7 in Axes
  5295 | D:5      | 5295 ||| Stepping ~*~*~tactically~*~*~ (stealth).
  5632 | D:5      | Gained mutation: A weak demonic guardian rushes to your
                  | aid. [demonic ancestry]
  5632 | D:5      | Reached XP level 8. HP: 38/60 MP: 9/9
  5824 | D:5      | 5824 ||| INVOKING Fiery Armour.
  5832 | D:5      | Reached skill level 8 in Axes
  5918 | D:5      | 5918 ||| READING scroll labelled ENANGE RISOLAD.
  5936 | D:6      | 5936 ||| STAIRDANCE
  5941 | D:6      | 5941 ||| STAIRDANCE
  6050 | D:6      | 6050 ||| STAIRDANCE
  6059 | D:5      | 6059 ||| INVOKING Fiery Armour.
  6232 | D:5      | 6232 ||| SWAPPING to +1 war axe.
  6243 | D:6      | 6243 ||| INVOKING Fiery Armour.
  6247 | D:6      | HP: 4/52 [wight/+3 morningstar (11)]
  6248 | D:6      | 6248 ||| READING 4 scrolls of teleportation.
  6248 | D:6      | HP: 1/50 [wight/+3 morningstar (1)]
  6250 | D:6      | Mangled by a wight

Levels and vault maps discovered:
D:1:      heliophobic_arrival_dark_side_of_the_moon, layout_basic,
          minmay_pentomino_o4
D:2:      layout_rooms, minmay_increasing_density, uniq_natasha
D:3:      layout_basic, lemuel_round_altar, mainiacjoe_overflow_cross_hatched,
          uniq_grinder, uniq_ijyb
D:4:      layout_basic, grunt_decor_arrowhead, chequers_serial_rivers_small_b
D:5:      layout_basic, jmf_multi_god_temple
D:6:      layout_gridville, serial_shops, nicolae_diamond_shop,
          kennysheep_generic_room_16, uniq_eustachio

Skill      XL: |  1  2  3  4  5  6  7  8 |
---------------+-------------------------+-----
Axes           | 3 4 5 6 7 8 |  8.3
Dodging        | 1 |  1.4
Armour         | 3 |  3.3
Fighting       | 4 5 |  5.0
Spellcasting   | |  1.0
Fire Magic     | |  2.6

Action                   |  1- 3 |  4- 6 |  7- 9 || total
-------------------------+-------+-------+-------++-------
Melee: Hand axe          |    93 |   141 |   105 ||   339
       Kick              |    12 |    46 |    30 ||    88
       Punch             |       |     1 |     1 ||     2
       War axe           |       |       |    12 ||    12
Throw: Boomerang         |       |    12 |    21 ||    33
Invok: Fiery Armour      |     2 |     2 |     4 ||     8
  Use: Scroll            |     3 |     3 |     6 ||    12
       Potion            |       |     5 |     1 ||     6
 Stab: Distracted        |     1 |       |       ||     1
Armor: Robe              |    23 |       |       ||    23
       Ring mail         |       |    37 |       ||    37
       Chain mail        |       |    25 |    12 ||    37
       Plate armour      |       |       |    97 ||    97
Dodge: Dodged            |    62 |    48 |    28 ||   138

Table legend:
 A = Non-vault XP
 B = Vault XP
 C = Vault XP percentage of total XP
 D = Non-vault monster count
 E = Vault monster count
 F = Vault count percentage of total count
                 A         B        C        D         E       F
            +---------+---------+-------+---------+---------+-------
      Total |    1652 |     382 |  18.8 |      98 |      15 |  13.3
            +---------+---------+-------+---------+---------+-------
        D:1 |      97 |      21 |  17.8 |      34 |       5 |  12.8
        D:2 |      93 |      52 |  35.9 |      13 |       6 |  31.6
        D:3 |     187 |     298 |  61.4 |      20 |       2 |   9.1
        D:4 |     159 |       0 |   0.0 |      11 |       0 |   0.0
        D:5 |    1044 |      11 |   1.0 |      19 |       2 |   9.5
        D:6 |      72 |       0 |   0.0 |       1 |       0 |   0.0
            +---------+---------+-------+---------+---------+-------
